 Dungeon Crawl Stone Soup version 0.25.1-2-g60ff931df9 (webtiles) character file.

Game seed: 15049189473971567679

10639 DogServant the Quickloader (level 11, -5/86 HPs)
             Began as a Formicid Hunter on Oct 16, 2020.
             Was an Elder of Okawaru.
             Slain by a fire elemental (7 damage)
             ... summoned by a deep elf mage
             ... on level 11 of the Dungeon.
             The game lasted 00:31:18 (15232 turns).

DogServant the Quickloader (Formicid Hunter)       Turns: 15232, Time: 00:31:19

Health: -5/86      AC: 10    Str: 23    XL:     11   Next: 96%
Magic:  15/15      EV: 12    Int: 10    God:    Okawaru [****..]
Gold:   427        SH:  5    Dex: 18    Spells: 8/10 levels left

rFire    . . .     SeeInvis +   o - +1 arbalest
rCold    + + .     Gourm    .   j - +0 buckler
rNeg     . . .     Faith    .   s - +1 scale mail of Perfidy {*Drain +Fly rC++ MR-}
rPois    .         Spirit   .   (helmet unavailable)
rElec    .         Reflect  .   z - scarf {repulsion}
rCorr    .         Harm     .   J - +0 pair of gloves {Str+3}
MR       .....                  (no boots)
Stlth    +.........             r - amulet of magic regeneration
HPRegen  0.24/turn              v - +6 ring of dexterity
MPRegen  0.39/turn              (no ring)

@: repel missiles
A: permanent stasis, dig shafts and tunnels, four strong arms, antennae 3
a: Dig, Shaft Self, Heroism, Renounce Religion, Evoke Flight


You were on level 11 of the Dungeon.
You worshipped Okawaru.
Okawaru was greatly pleased with you.
You were not hungry.

You visited 2 branches of the dungeon, and saw 12 of its levels.
You also visited: Sewer.

You collected 815 gold pieces.
You spent 388 gold pieces at shops.

Inventory:

Hand Weapons
 a - a +3 hand crossbow
 o - a +1 arbalest (weapon)
 C - a +1 whip of electrocution
Missiles
 d - 24 bolts (quivered)
 h - 94 poisoned darts
 m - 233 stones
Armour
 i - a +1 ring mail
 j - a +0 buckler (worn)
 q - a +0 chain mail
 s - the +1 scale mail of Perfidy (worn) {*Drain +Fly rC++ MR-}
   (You bought it in a shop on level 9 of the Dungeon)

   It greatly protects you from cold.
   It affects your resistance to hostile enchantments.
   It lets you fly.
   It causes draining when unequipped.
 z - a scarf of repulsion (worn)
 J - a +0 pair of gloves of strength (worn)
Jewellery
 r - an amulet of magic regeneration (around neck)
 v - a +6 ring of dexterity (left hand)
 F - a cursed ring of teleportation {unknown}
Wands
 k - a wand of paralysis (9)
 n - a wand of flame (34)
 u - a wand of acid (1)
 B - a wand of iceblast (13)
 H - a wand of random effects (28)
 I - a wand of disintegration (7)
Scrolls
 c - 4 scrolls of identify
 t - 3 scrolls of magic mapping
 w - a scroll of enchant armour
 x - 2 scrolls of amnesia
 y - 9 scrolls of remove curse
 D - a scroll of silence {unknown}
Potions
 b - a potion of berserk rage
 e - a potion of magic
 g - 2 potions of curing
 l - 3 potions of degeneration
 p - 2 potions of flight
 E - a potion of stabbing {unknown}
Comestibles
 f - 20 rations
 G - a chunk of flesh


   Skills:
 - Level 8.1 Fighting
 + Level 5.9 Maces & Flails
 + Level 10.7 Crossbows
 - Level 6.7 Armour
 + Level 3.4 Dodging
 - Level 1.2 Stealth
 - Level 4.1 Shields
 - Level 4.9 Hexes
 + Level 6.2 Invocations
 - Level 6.0 Evocations


You had 8 spell levels left.
You knew the following spells:

 Your Spells              Type           Power        Failure   Level  Hunger
a - Ensorcelled Hibernat  Hex/Ice        #.....       43%         2    ###....

Your spell library contained the following spells:

 Spells                   Type           Power        Failure   Level  Hunger
 Corona                   Hex            #......      12%         1    ##.....
 Confusing Touch          Hex            #.......     34%         3    ####...
 Tukima's Dance           Hex            #.......     34%         3    ####...
 Animate Skeleton         Necr           N/A          65%         1    ##.....
 Pain                     Necr           #...         65%         1    ##.....
 Dazzling Flash           Conj/Hex       #.....       67%         3    ####...
 Vampiric Draining        Necr           #.........   95%         3    ####...
 Animate Dead             Necr           N/A          100%        4    #####..
 Agony                    Necr           #.......     100%        5    ######.


Dungeon Overview and Level Annotations

Branches:
Dungeon (11/15)            Temple (1/1) D:5            Lair (0/6) D:10
    Orc (0/2) D:9           Sewer (visited)

Altars:
Ashenzari
Cheibriados
Dithmenos
Elyvilon
Fedhas
Gozag
Hepliaklqana
Kikubaaqudgha
Makhleb
Nemelex Xobeh
Okawaru
Qazlal
Ru
Sif Muna
Trog
Uskayaw
Vehumet
Wu Jian
Xom
Yredelemnul
Zin
The Shining One
Lugonu

Shops:
D:4 *   D:9 *

Annotations:
D:5 3 runed translucent doors, patan's ghost, novice TrFi


Innate Abilities, Weirdness & Mutations

You cannot be hasted, slowed, berserked, paralysed or teleported.
You can dig through walls and to a lower floor.
Your four strong arms can wield two-handed weapons with a shield.
You have a pair of large antennae on your head. (SInv)


Message History

The centaur barely misses you.
The deep elf mage gestures wildly while chanting.
The centaur barely misses you.
Firing (i - inventory. (/) - cycle)
d - 25 bolts (quivered)
Press: ? - help, Shift-Dir - straight line, f/p - deep elf mage
Aim: a deep elf mage, wielding a +0 long sword (moderately wounded)
You shoot a bolt.
The bolt closely misses the deep elf mage.
The centaur hits you but does no damage.
The deep elf mage barely misses you. The fire elemental hits you.
The fire elemental burns you!
* * * LOW HITPOINT WARNING * * *
The fire elemental closely misses you. The centaur hits you.
* * * LOW HITPOINT WARNING * * *
Okay, then.
It was a potion of cancellation.
You feel magically purged. The fire elemental hits you.
The fire elemental burns you!
* * * LOW HITPOINT WARNING * * *
The fire elemental hits you. The fire elemental burns you!
You die...

########....##....#
......##..........#
.......+..........#
.......#..........#
......##....##....#
......##....##....#
..................#
............###'###
##'#####....#..E@.#
รท......#....#..Ece......
.......#....#.....######
.......#....#..(..#
.......#....#.(...#
.......#....#.....#
.......#....#......
.......# #(..(.. .......#


You could see a deep elf mage, 2 fire elementals and a centaur.

Vanquished Creatures
  Erica (D:10)
  A two-headed ogre (D:9)
  Psyche (D:9)
  2 trolls
  A hornet (D:8)
  A shadow (D:7)
  17 yaks
  A hungry ghost (D:9)
  2 soldier ants (D:8)
  A water moccasin (D:9)
  A sky beast (D:8)
  4 orc warriors
  A phantom (D:6)
  6 ogres
  6 centaurs
  A necrophage (D:7)
  2 wolves (D:10)
  4 big kobolds
  5 bullfrogs
  A scorpion (D:8)
  A water moccasin skeleton (D:4)
  3 killer bees (D:10)
  An electric eel (D:10)
  2 howler monkeys
  14 crimson imps
  A bullfrog zombie (D:10)
  3 quasits
  6 hounds
  2 jellies
  3 centaur skeletons
  15 orc priests
  2 bullfrog skeletons
  17 orc wizards
  2 iguanas
  5 worker ants
  A hound skeleton (D:7)
  2 worker ant zombies (D:7)
  3 gnolls (D:5)
  7 adders
  2 shadow imps
  2 white imps (D:9)
  2 adder zombies
  4 worms
  A dart slug (D:2)
  4 leopard geckos
  51 orcs
  3 ball pythons (D:3)
  4 giant cockroaches
  6 goblins
  9 hobgoblins
  9 jackals
  6 quokkas
  A ball python skeleton (D:6)
  4 bats (D:2)
  7 frilled lizards
  24 kobolds
  A leopard gecko skeleton (D:5)
  A quokka zombie (D:7)
  16 rats
306 creatures vanquished.

Vanquished Creatures (others)
  A crimson imp (D:9)
  4 fungi (D:10)
5 creatures vanquished.

Grand Total: 311 creatures vanquished

Notes
Turn   | Place    | Note
-------+----------+-------------------------------------------
     0 | D:1      | DogServant the Formicid Hunter began the quest for the Orb.
     0 | D:1      | Reached XP level 1. HP: 16/16 MP: 1/1
   781 | D:2      | Reached XP level 2. HP: 23/23 MP: 2/2
  1031 | D:2      | Reached XP level 3. HP: 21/29 MP: 3/3
  1305 | D:2      | Noticed a centaur
  1311 | D:2      | Killed a centaur
  1311 | D:2      | Reached skill level 5 in Crossbows
  1311 | D:2      | Reached XP level 4. HP: 14/37 MP: 4/4
  1311 | D:2      | Reached XP level 5. HP: 16/42 MP: 5/5
  2174 | D:3      | Found a glowing drain.
  2186 | Sewer    | Entered a sewer
  2264 | Sewer    | Noticed a big kobold
  2285 | Sewer    | Killed a big kobold
  2285 | Sewer    | Reached skill level 1 in Armour
  2285 | Sewer    | Reached XP level 6. HP: 46/48 MP: 6/6
  2323 | Sewer    | Found a white marble altar of Elyvilon.
  2714 | D:3      | Found a radiant altar of Vehumet.
  3404 | D:4      | Reached skill level 6 in Crossbows
  3568 | D:4      | Reached XP level 7. HP: 54/54 MP: 7/7
  3834 | D:4      | Found Pubb's General Store.
  4237 | D:4      | Bought a scarf of repulsion for 168 gold pieces
  4405 | D:5      | Entered Level 5 of the Dungeon
  4414 | D:5      | Found a stormy altar of Qazlal.
  4476 | D:5      | Found a staircase to the Ecumenical Temple.
  4487 | Temple   | Entered the Ecumenical Temple
  4797 | D:5      | Noticed patan's ghost (novice TrFi)
  4851 | D:5      | Found a hazy altar of Hepliaklqana.
  4901 | D:5      | Found an ancient bone altar of Kikubaaqudgha.
  4935 | D:5      | Found a runed translucent gate.
  4935 | D:5      | Found a runed translucent gate.
  4949 | D:5      | Found a runed translucent gate.
  5055 | D:5      | Found a blossoming altar of Fedhas.
  5422 | D:6      | Reached skill level 7 in Crossbows
  5461 | D:6      | Found an opulent altar of Gozag.
  5521 | D:6      | Reached skill level 5 in Armour
  5521 | D:6      | Reached XP level 8. HP: 56/60 MP: 8/8
  5811 | D:6      | You fall into a shaft and drop 3 floors!
  5811 | D:9      | Found a sacrificial altar of Ru.
  5862 | D:8      | Found a hide-covered altar of Uskayaw.
  5888 | D:9      | Reached skill level 8 in Crossbows
  6233 | D:8      | Learned a level 2 spell: Ensorcelled Hibernation
  6350 | D:6      | Reached XP level 9. HP: 29/66 MP: 9/9
  6351 | D:6      | Reached skill level 1 in Evocations
  6695 | D:6      | Found a sparkling altar of Nemelex Xobeh.
  6706 | D:6      | Reached skill level 5 in Fighting
  7440 | D:7      | Reached skill level 1 in Maces & Flails
  7789 | D:7      | Reached skill level 1 in Shields
  7799 | D:7      | Reached skill level 1 in Hexes
  8366 | D:7      | Found an iron altar of Okawaru.
  8489 | D:7      | Reached XP level 10. HP: 36/73 MP: 13/13
  8671 | D:7      | Found a hazy altar of Hepliaklqana.
  8673 | D:7      | Found a glowing silver altar of Zin.
  8673 | D:7      | Found a stormy altar of Qazlal.
  8688 | D:7      | Found a glowing golden altar of the Shining One.
  8688 | D:7      | Found a basalt altar of Yredelemnul.
  8688 | D:7      | Found a shimmering altar of Xom.
  9239 | D:7      | Reached skill level 5 in Evocations
  9352 | D:7      | Found a glowing golden altar of the Shining One.
  9355 | D:7      | Found a bloodstained altar of Trog.
  9515 | D:7      | Became a worshipper of Warmaster Okawaru
  9573 | D:8      | Reached skill level 9 in Crossbows
  9917 | D:8      | Found an ornate altar of the Wu Jian Council.
 10306 | D:8      | Reached * piety under Okawaru
 10715 | D:9      | Found Obboffa's Assorted Antiques.
 10720 | D:9      | Bought a polished scale mail for 198 gold pieces
 10720 | D:9      | Bought a scroll labeled QALUGO ICOORU for 22 gold pieces
 10730 | D:9      | Identified the +1 scale mail of Perfidy {*Drain +Fly rC++
                  | MR-} (You bought it in a shop on level 9 of the Dungeon)
 10739 | D:9      | Noticed Psyche
 10743 | D:9      | Killed Psyche
 10743 | D:9      | Reached skill level 1 in Invocations
 10854 | D:9      | Found a staircase to the Orcish Mines.
 11001 | D:9      | Noticed a two-headed ogre
 11006 | D:9      | Killed a two-headed ogre
 11006 | D:9      | Reached ** piety under Okawaru
 11039 | D:9      | Reached XP level 11. HP: 40/83 MP: 15/15
 11753 | D:9      | Reached skill level 10 in Crossbows
 11949 | D:9      | Reached *** piety under Okawaru
 12837 | D:10     | Entered Level 10 of the Dungeon
 13124 | D:10     | Noticed Erica
 13145 | D:10     | Killed Erica
 13145 | D:10     | Reached skill level 5 in Maces & Flails
 13145 | D:10     | Reached skill level 5 in Invocations
 13593 | D:10     | Found a blossoming altar of Fedhas.
 14157 | D:10     | Reached **** piety under Okawaru
 14763 | D:10     | Received a gift from Okawaru
 14894 | D:10     | Found a staircase to the Lair.
 15220 | D:11     | Noticed a deep elf mage
 15232 | D:11     | HP: 2/86 [fire elemental[a deep elf mage] (12)]
 15232 | D:11     | Slain by a fire elemental

Illustrated notes

Levels and vault maps discovered:
D:1:      minmay_arrival_arboretum_small, layout_basic
D:2:      minmay_recursive_quarters, layout_rooms
D:3:      layout_loops_corners, vehumet_crystals, cheibrodos_sewer_entry_drain,
          first_ration
D:4:      layout_loops_ring, serial_shops, nicolae_shop_behind_doors
D:5:      layout_cave_pools, lemuel_doored_altar, kennysheep_mini,
          lemuel_round_altar, nicolae_qazlal_general_emergency,
          minmay_temple_entry_mini_moons, gammafunk_ghost_split, minivault_1
D:6:      layout_loops_ring, nicolae_gozag_seed_capital, kennysheep_little_box,
          minmay_misc_feat_enclosed
D:7:      layout_rooms, doesnt_xom_only_xom, okawaru_gym_becter, minitemple,
          grunt_potential
D:8:      layout_cave_pools, overflow_temple_1_default, lemuel_crystal_altar,
          hangedman_pestilent_swarm
D:9:      layout_cave_pools, nicolae_ru_sacrificial_ziggurat, orc_0_dummy,
          serial_shops, shop, minmay_nine_imps, uniq_psyche
D:10:     layout_gridville, erik_lair_island, fedhas_altar_3, uniq_erica
D:11:     layout_gridville, minivault_22, minmay_misc_feat_iff
Temple:   corrupted_temple

Skill      XL: |  1  2  3  4  5  6  7  8  9 10 11 |
---------------+----------------------------------+-----
Fighting       | 3 4 6 8 |  8.1
Crossbows      | 5 6 7 8 9 10 | 10.7
Armour         | 1 3 5 6 |  6.7
Dodging        | 2 3 |  3.4
Evocations     | 4 6 |  6.0
Maces & Flails | 2 3 5 |  5.9
Shields        | 2 4 |  4.1
Hexes          | 2 4 |  4.9
Invocations    | 2 6 |  6.2
Stealth        | |  1.2

Action                   |  1- 3 |  4- 6 |  7- 9 | 10-12 || total
-------------------------+-------+-------+-------+-------++-------
Melee: Whip              |    34 |   135 |   311 |   457 ||   937
 Fire: Hand crossbow     |    22 |    56 |   187 |    37 ||   302
       Hunting sling     |       |     5 |       |       ||     5
       Arbalest          |       |       |     4 |    77 ||    81
Throw: Dart              |       |     6 |    69 |    40 ||   115
Invok: Heroism           |       |       |       |     4 ||     4
Evoke: Wand              |       |       |     4 |    13 ||    17
  Use: Scroll            |       |    11 |    11 |     5 ||    27
       Potion            |       |       |     3 |     4 ||     7
 Stab: Sleeping          |     1 |       |       |       ||     1
  Eat: Chunk             |     1 |     8 |    12 |     7 ||    28
       Ration            |       |       |     2 |     4 ||     6
Armor: Leather armour    |    13 |     6 |       |       ||    19
       Chain mail        |       |    63 |    39 |       ||   102
       Ring mail         |       |       |   132 |    69 ||   201
       Scale mail        |       |       |       |    89 ||    89
Dodge: Dodged            |    24 |    84 |   259 |   299 ||   666
       Repelled          |       |       |     6 |    11 ||    17
Block: Buckler           |       |       |       |   101 ||   101
